 Dungeon Crawl Stone Soup version 0.19-a0-1049-g462a813 (webtiles) character file.

414 Leszczynek the Basher (level 6, -4/62 HPs)
             Began as an Ogre Berserker on July 31, 2016.
             Was a Priest of Trog.
             Slain by Shenda's ghost (13 damage)
             ... on level 4 of the Dungeon.
             The game lasted 00:13:56 (2592 turns).

Leszczynek the Basher (Ogre Berserker)              Turns: 2592, Time: 00:13:57

Health: -4/62      AC:  5    Str: 23    XL:     6   Next: 91%
Magic:  6/6        EV: 10    Int:  7    God:    Trog [***...]
Gold:   235        SH:  0    Dex: 10    Spells: 0 memorised, 5 levels left

rFire  . . .     SeeInvis .     c - 5 bread rations
rCold  . . .     Gourm    .     b - +1 animal skin
rNeg   . . .     Faith    .     (no shield)
rPois  .         Spirit   .     (helmet restricted)
rElec  .         Dismiss  .     l - +0 cloak
rCorr  +         Reflect  .     (gloves unavailable)
SustAt .         Harm     .     (boots unavailable)
MR     .....                    i - amulet of inaccuracy (curse)
Stlth  +.........               (no ring)
                                g - ring of resist corrosion

@: exhausted, not resistant to hostile enchantments, very unstealthy
A: unfitting armour, tough skin 1
a: Berserk, Trog's Hand, Burn Spellbooks, Renounce Religion


You were on level 4 of the Dungeon.
You worshipped Trog.
Trog was most pleased with you.
You were not hungry.

You visited 1 branch of the dungeon, and saw 5 of its levels.

You collected 235 gold pieces.

Inventory:

Hand Weapons
 a - a +0 flail
 A - a +0 giant spiked club
Missiles
 f - 5 curare-tipped needles
 h - 6 sling bullets
 j - 133 stones (quivered)
 k - a throwing net
 v - 5 silver javelins
 y - 5 tomahawks
Armour
 b - a +1 animal skin (worn)
 l - a +0 cloak (worn)
Jewellery
 g - a ring of resist corrosion (left hand)
 i - a cursed amulet of inaccuracy (around neck)
Scrolls
 p - a scroll of remove curse {unknown}
 r - 2 scrolls of teleportation
 u - a scroll of magic mapping
Potions
 e - 2 potions of cure mutation
 n - 4 potions of curing
 o - a potion of heal wounds {unknown}
 q - 2 potions of agility {unknown}
 s - a potion of berserk rage {unknown}
 t - a potion of haste {unknown}
 x - a potion of lignification {unknown}
Comestibles
 c - 5 bread rations (in hand)
 d - 2 fruits
 m - 2 meat rations
 w - 9 chunks of flesh
 z - a beef jerky


   Skills:
 - Level 4.0 Fighting
 + Level 9.2 Maces & Flails
 - Level 2.6 Dodging
 - Level 2.1 Stealth


You had 5 spell levels left.
You didn't know any spells.

Dungeon Overview and Level Annotations

Branches:
Dungeon (5/15)
 Temple: D:4-7

Altars:
Nemelex Xobeh

Annotations:
D:3 mistymad's ghost, amateur FoAK
D:4 Shenda's ghost, amateur DsGl


Innate Abilities, Weirdness & Mutations

You are too large for most types of armour.
You have tough skin. (AC +1)


Message History

You swing at nothing.
You swing at nothing.
You swing at nothing.
You swing at nothing.
You swing at nothing.
You swing at nothing.
You swing at nothing.
You swing at nothing.
You swing at nothing.
You swing at nothing.
You feel yourself speed up.
Shenda's ghost opens the door.
You swing at nothing.
Shenda's ghost turns its malevolent gaze towards you.
Shenda's ghost hits you but does no damage.
Some of the chunks of flesh in your inventory have rotted away.
You swing at nothing.
Shenda's ghost hits you! x2
* * * LOW HITPOINT WARNING * * *
You swing at nothing.
Shenda's ghost hits you!
You die...

#..##)#..##÷##)##...
##'#.)......#..#....
#.....#####.'÷.#....
#..####...#.#####...
#..#..'...)).#..#...
+..#..#..[#..#..#... #
#.#########.##'##...
#...#..#...#..#..#...#
...#@.#...#..'.(#...#
##.##W##'##.##)##...#
#....†.....#..#.....
+..#÷##....#..#P....
#######..####'#####....
#.....)..').#[.#..#...#
#...(.#..#..#..').#...#
#.....#'#####..####...#
#'#####.....####......#


You could see Shenda's ghost.

Vanquished Creatures
  An ogre (D:4)
  2 iguanas (D:4)
  An orc wizard (D:4)
  2 worker ants (D:4)
  A howler monkey skeleton (D:4)
  3 adders
  5 gnolls
  3 oozes
  2 dart slugs (D:2)
  A giant gecko (D:1)
  13 orcs
  5 bats
  8 giant cockroaches
  10 goblins
  11 hobgoblins
  3 jackals (D:4)
  A quokka (D:2)
  2 ball pythons (D:1)
  4 giant newts
  11 kobolds
  3 rats
92 creatures vanquished.

Vanquished Creatures (others)
  A plant (D:4)
1 creature vanquished.

Grand Total: 93 creatures vanquished

Notes
Turn   | Place    | Note
-------+----------+-------------------------------------------
     0 | D:1      | Leszczynek the Ogre Berserker began the quest for the Orb.
     0 | D:1      | Reached XP level 1. HP: 24/24 MP: 1/1
    56 | D:1      | Reached skill level 1 in Stealth
    56 | D:1      | Reached XP level 2. HP: 8/32 MP: 2/2
   339 | D:1      | Reached skill level 2 in Stealth
   386 | D:2      | Reached XP level 3. HP: 35/39 MP: 3/3
   405 | D:2      | Found a faded altar of an unknown god.
   645 | D:1      | Reached ** piety under Trog
   784 | D:2      | Reached skill level 5 in Maces & Flails
   821 | D:2      | Found a sparkling altar of Nemelex Xobeh.
   909 | D:3      | Noticed mistymad's ghost (amateur FoAK)
   927 | D:3      | Reached XP level 4. HP: 43/48 MP: 4/4
  1620 | D:3      | Reached skill level 6 in Maces & Flails
  1733 | D:4      | Noticed an ogre
  1761 | D:4      | Reached XP level 5. HP: 54/54 MP: 5/5
  1897 | D:4      | Reached *** piety under Trog
  1918 | D:4      | Noticed Shenda's ghost (amateur DsGl)
  2031 | D:4      | Reached skill level 7 in Maces & Flails
  2049 | D:5      | Entered Level 5 of the Dungeon
  2171 | D:4      | Reached XP level 6. HP: 35/62 MP: 6/6
  2181 | D:4      | Received a gift from Trog
  2181 | D:4      | Reached skill level 8 in Maces & Flails
  2564 | D:4      | Reached skill level 9 in Maces & Flails
  2592 | D:4      | Slain by Shenda's ghost

Vault maps used:
D:1:      dpeg_arrival_signposts, minmay_tetromino_t4
D:2:      overflow_temple_1_default, ecumenical_altar_1
D:4:      corexii_shantytown, lemuel_doored_altar, serial_shops, shop
D:5:      eat_drink_and_be_merry_uskayaw, gammafunk_temple_overflow_elements,
          first_bread, uniq_sigmund, uniq_pikel

Skill      XL: |  1  2  3  4  5  6 |
---------------+-------------------+-----
Stealth        | 1 2 |  2.1
Maces & Flails | 5 6 7 9 |  9.2
Fighting       | |  4.0
Dodging        | |  2.6

Action                   |  1- 3 |  4- 6 || total
-------------------------+-------+-------++-------
Melee: Mace              |    80 |   158 ||   238
       Flail             |       |    79 ||    79
Throw: Stone             |     2 |    12 ||    14
Invok: Berserk           |     4 |     7 ||    11
  Use: Scroll            |     1 |     7 ||     8
 Stab: Sleeping          |     2 |     1 ||     3
  Eat: Chunk             |     3 |     9 ||    12
       Pizza             |     1 |       ||     1
       Meat ration       |       |     1 ||     1
Armor: Animal skin       |    28 |    96 ||   124
Dodge: Dodged            |    43 |   124 ||   167
